 Dungeon Crawl Stone Soup version 0.27-a0-1200-g94dc6ad4cf (webtiles) character file.

Game seed: 9973323542242569475

39 Azzok the Chopper (level 3, 0/29 HPs)
             Began as a Demonspawn Berserker on May 30, 2021.
             Was a Believer of Trog.
             Slain by a gnoll
             ... wielding a +0 club
              (6 damage)
             ... on level 2 of the Dungeon.
             The game lasted 00:01:19 (1433 turns).

Azzok the Chopper (Demonspawn Berserker)            Turns: 1433, Time: 00:01:20

Health: 0/29       AC:  3    Str: 18    XL:     3   Next: 26%
Magic:  3/3        EV: 12    Int:  8    God:    Trog [**....]
Gold:   78         SH:  0    Dex: 12    Spells: 2/2 levels left

rFire    . . .     SeeInvis .   a - +0 hand axe
rCold    . . .     Faith    .   (no shield)
rNeg     . . .     Spirit   .   b - +0 animal skin
rPois    .         Reflect  .   (no helmet)
rElec    .         Harm     .   (no cloak)
rCorr    .         Rampage  .   (no gloves)
Will     .....                  (no boots)
Stlth    +.........             (no amulet)
HPRegen  0.09/turn              (no ring)
MPRegen  0.08/turn              (no ring)

@: on berserk cooldown
A: powered by death 1, sharp scales 1
a: Renounce Religion, Berserk, Trog's Hand


You were on level 2 of the Dungeon.
You worshipped Trog.
Trog was pleased with you.
You visited 1 branch of the dungeon, and saw 2 of its levels.

You collected 111 gold pieces.
You spent 33 gold pieces at shops.

Inventory:

Hand Weapons
 a - a +0 hand axe (weapon)
Armour
 b - a +0 animal skin (worn)
Scrolls
 c - a scroll of vulnerability {unknown}
Potions
 d - a potion of heal wounds {unknown}
 e - 3 potions of curing


   Skills:
 - Level 3.0 Fighting
 + Level 4.0 Axes
 - Level 1.7 Armour
 - Level 1.7 Dodging


You had 2 spell levels left.
You didn't know any spells.
Your spell library was empty.

Dungeon Overview and Level Annotations

Branches:
Dungeon (2/15)

Altars:

Shops:
D:1 !


Innate Abilities, Weirdness & Mutations

You regenerate a little health from kills.
You are partially covered in razor-sharp scales. (AC +1, Slay +1)


Message History

You closely miss the hobgoblin.
The hobgoblin is severely wounded.
The hobgoblin hits you.
You hit the hobgoblin but do no damage.
The hobgoblin is severely wounded.
A gnoll comes into view. It is wielding a +0 club.
The hobgoblin hits you.
You closely miss the hobgoblin.
The hobgoblin is severely wounded.
The hobgoblin hits you.
You barely miss the hobgoblin.
The hobgoblin is severely wounded.
The hobgoblin barely misses you.
You're still recovering from your berserk rage.
You hit the hobgoblin.
You kill the hobgoblin!
Trog accepts your kill.
The gnoll picks up an inky potion.
You hit the gnoll.
The gnoll is lightly wounded.
You hit the gnoll but do no damage.
The gnoll is lightly wounded.
You hit the gnoll. The gnoll hits you with a +0 club. The gnoll misses you.
You hit the gnoll.
The gnoll is moderately wounded.
You completely miss the gnoll. The gnoll hits you with a +0 flail.
The gnoll hits you with a +0 club.
You barely miss the gnoll.
The gnoll is moderately wounded.
You hit the gnoll. The gnoll closely misses you.
The gnoll hits you with a +0 club.
Okay, then.
You hit the gnoll.
The gnoll is heavily wounded.
You hit the gnoll but do no damage.
A gnoll comes into view. It is wielding a +0 club.
The gnoll hits you with a +0 flail!
* * * LOW HITPOINT WARNING * * *
The gnoll hits you with a +0 club.
You die...

▒········▒ ▒········▒
▒········▒
▒········▒▒▒▒
▒▒▒▒▒▒▒▒▒············
·····················
·▒▒▒▒▒▒·▒▒·▒▒·▒▒▒····
▒▒▒▒·▒▒·▒▒·▒ ▒····
▒@g···▒····▒ ▒····
▒g▒▒▒▒▒▒▒▒▒▒ ▒····
··K· ▒▒▒▒▒▒·· >·g····
········ ▒K▒·····▒
···▒▒▒▒· ·g ▒·▒▒▒·▒
········ · ▒· ·▒
······)· ▒· ▒▒
········ ···▒▒▒▒▒


You could see 3 gnolls and a kobold.

Vanquished Creatures
  An adder (D:2)
  2 endoplasms
  A giant cockroach (D:2)
  7 hobgoblins
  3 kobolds
  3 quokkas
  6 ball pythons
  2 bats (D:1)
  2 rats (D:1)
27 creatures vanquished.

Notes
Turn   | Place    | Note
-------+----------+-------------------------------------------
     0 | D:1      | Azzok the Demonspawn Berserker began the quest for the Orb.
     0 | D:1      | Reached XP level 1. HP: 18/18 MP: 1/1
   265 | D:1      | Reached skill level 3 in Axes
   424 | D:1      | Gained mutation: You regenerate a little health from kills.
                  | [demonic ancestry]
   424 | D:1      | Reached XP level 2. HP: 16/24 MP: 2/2
   576 | D:1      | Found Kipt's Distillery.
   639 | D:1      | Bought a potion of curing for 33 gold pieces
  1394 | D:2      | Reached ** piety under Trog
  1395 | D:2      | Reached skill level 4 in Axes
  1395 | D:2      | Gained mutation: You are partially covered in razor-sharp
                  | scales. (AC +1, Slay +1) [demonic ancestry]
  1395 | D:2      | Reached XP level 3. HP: 29/29 MP: 3/3
  1433 | D:2      | Slain by a gnoll

Illustrated notes

Levels and vault maps discovered:
D:1:      erik_arrival_blinker_ship, layout_basic, serial_shops,
          nicolae_shop_crystal
D:2:      layout_basic

Skill      XL: |  1  2 |
---------------+-------+-----
Axes           | 3 4 |  4.0
Fighting       | |  3.0
Armour         | |  1.7
Dodging        | |  1.7

Action                   || total
-------------------------++-------
Melee: Hand axe          ||    84
Invok: Berserk           ||     1
  Use: Scroll            ||     1
Armor: Animal skin       ||    13
Dodge: Dodged            ||    73

Table legend: (Time is in decaauts)
 A = Elapsed time spent in this place.
 B = Non-inter-level travel time spent in this place.
 C = Inter-level travel time spent in this place.
 D = Time resting spent in this place.
 E = Time spent auto-exploring this place.
 F = Levels seen in this place.
 G = Mean time per level.
                   A        B        C        D        E       F      G
               +--------+--------+--------+--------+--------+-----+--------+
         Total |   1453 |   1432 |     21 |    152 |   1083 |   2 |  726.5 |
       Dungeon |   1453 |   1432 |     21 |    152 |   1083 |   2 |  726.5 |
               +--------+--------+--------+--------+--------+-----+--------+

Top non-repeatable levels by time:
     D:1: 1241 daAuts
     D:2: 212 daAuts
